 Dungeon Crawl Stone Soup version 0.21.1-1-g345015fe64 (webtiles) character file.

13114 Kohma the Basher (level 11, -21/101 HPs)
             Began as a Minotaur Berserker on June 8, 2018.
             Was a High Priest of Trog.
             Demolished by an eight-headed hydra simulacrum (24 damage)
             ... on level 3 of the Lair of Beasts.
             The game lasted 00:55:21 (12139 turns).

Kohma the Basher (Minotaur Berserker)              Turns: 12139, Time: 00:55:21

Health: -21/101    AC: 17    Str: 28    XL:     11   Next: 71%
Magic:  10/10      EV:  9    Int:  4    God:    Trog [*****.]
Gold:   475        SH:  8    Dex: 10    Spells: 10/10 levels left

rFire    . . .     SeeInvis .   s - +1 flail (protect)
rCold    . . .     Gourm    .   p - +2 buckler
rNeg     . . .     Faith    .   y - +0 plate armour
rPois    .         Spirit   .   (helmet restricted)
rElec    .         Reflect  .   h - +0 cloak
rCorr    .         Harm     .   (no gloves)
MR       .....                  e - +0 pair of boots
Stlth    ..........             (no amulet)
HPRegen  0.26/turn              z - +3 ring of strength
MPRegen  0.12/turn              (no ring)

@: no status effects
A: retaliatory headbutt, horns 2
a: Berserk, Trog's Hand, Brothers in Arms, Burn Spellbooks, Renounce Religion


You were on level 3 of the Lair of Beasts.
You worshipped Trog.
Trog was extremely pleased with you.
You were not hungry.

You visited 3 branches of the dungeon, and saw 12 of its levels.

You collected 515 gold pieces.
You spent 40 gold pieces at shops.

Inventory:

Hand Weapons
 b - a +0 shortbow
 r - a +0 morningstar of holy wrath
 s - a +1 flail of protection (weapon)
 u - a +1 dagger of venom
 L - a +0 bardiche
Missiles
 g - 3 tomahawks (quivered)
 j - 110 arrows
 l - 153 stones
 q - 3 javelins
 G - 73 bolts
Armour
 e - a +0 pair of boots (worn)
 h - a +0 cloak (worn)
 p - a +2 buckler (worn)
 y - a +0 plate armour (worn)
 B - a +2 robe of magic resistance
 F - the +1 scale mail of the Good {rElec, unknown}
   (You found it on level 3 of the Lair of Beasts)

   It insulates you from electricity.
 H - the +2 hat of Iqazyppa {rN+ Dex+2, unknown}
   (You found it on level 3 of the Lair of Beasts)

   It affects your dexterity (+2).
   It protects you from negative energy.
Jewellery
 f - an uncursed ring of resist corrosion {unknown}
 z - a +3 ring of strength (left hand)
Wands
 w - a wand of iceblast (10)
 I - a wand of digging (8)
Scrolls
 a - a scroll of blinking
 k - a scroll of fog
 m - a scroll of identify
 o - 7 scrolls of teleportation
 C - 3 scrolls of immolation
 E - 2 scrolls of remove curse
 K - a scroll of amnesia
Potions
 d - a potion of haste
 i - 3 potions of resistance
 n - a potion of mutation
 t - 2 potions of heal wounds
 v - a potion of lignification {unknown}
 x - 3 potions of curing
 A - a potion of cancellation {unknown}
 D - a potion of ambrosia {unknown}
Comestibles
 c - 15 rations


   Skills:
 + Level 10.8 Fighting
   Level 4.8(9.9) Axes
 + Level 13.1(13.4) Maces & Flails
 + Level 10.4 Armour
 + Level 4.0 Dodging
 + Level 9.8 Shields


You had 10 spell levels left.
You didn't know any spells.

Dungeon Overview and Level Annotations

Branches:
Dungeon (8/15)             Temple (1/1) D:6            Lair (3/6) D:8
  Swamp (0/4) Lair:3
  Snake: Lair:2-4    Spider: Lair:2-4

Altars:
Ashenzari
Cheibriados
Dithmenos
Elyvilon
Fedhas
Gozag
Hepliaklqana
Kikubaaqudgha
Makhleb
Nemelex Xobeh
Okawaru
Qazlal
Ru
Sif Muna
Trog
Uskayaw
Vehumet
Wu Jian
Xom
Yredelemnul
Zin
The Shining One

Shops:
D:4 *   D:8 *

Annotations:
D:5 Dowan, Duvessa
Lair:2 exclusion: 2 oklob plants
Lair:3 1 transporter


Innate Abilities, Weirdness & Mutations

You reflexively headbutt those who attack you in melee.
You have a pair of horns on your head.


Message History

The eight-headed hydra simulacrum completely misses you.
The eight-headed hydra simulacrum bites you but does no damage.
The eight-headed hydra simulacrum barely misses you.
The eight-headed hydra simulacrum bites you but does no damage. x2
You block the eight-headed hydra simulacrum's attack.
The porcupine simulacrum barely misses you.
You furiously retaliate!
You headbutt the porcupine simulacrum.
The eight-headed hydra simulacrum bites you but does no damage.
The eight-headed hydra simulacrum bites you.
* * * LOW HITPOINT WARNING * * *
The eight-headed hydra simulacrum freezes you!
* * * LOW HITPOINT WARNING * * *
The eight-headed hydra simulacrum bites you but does no damage.
You block the eight-headed hydra simulacrum's attack.
The eight-headed hydra simulacrum bites you but does no damage.
The eight-headed hydra simulacrum completely misses you.
The eight-headed hydra simulacrum bites you!
* * * LOW HITPOINT WARNING * * *
The eight-headed hydra simulacrum freezes you!!
You die...

#..... #....##...P#
...... ###...##.....#
...... #P..####.....#
...... ##..## #.##...
...... ##..#.####.#.
.....###...### ....#
.........### ##.©.##
....#...P#
###########
.......###
#§§§@Z%§§§# #..#...#
#§§§ZZ.§§§# ####...#
#§§§§§§§§§# ##.####
#§§§§§.§§§# #.##.#
#§§§§§§§§§#
#.#..#######§'§####
##........#§....§.#
#.........#§§#.#§§#
###.#.......#.....§.#


You could see 2 porcupine simulacra and an eight-headed hydra simulacrum.

Vanquished Creatures
  2 black mambas
  5 spiny frogs
  A rime drake (Lair:3)
  6 komodo dragons
  A troll (D:8)
  10 blink frogs
  4 hippogriffs
  4 yaks
  A spriggan (D:8)
  A wyvern (Lair:3)
  3 water moccasins (Lair:1)
  7 porcupines
  3 orc warriors
  2 sky beasts
  An ice beast (D:6)
  A black bear (D:8)
  2 phantoms
  2 ogres
  15 wolves
  A centaur (D:7)
  6 crocodiles
  6 bullfrogs
  4 scorpions
  An electric eel (Lair:3)
  A howler monkey (D:6)
  6 crimson imps
  The ghost of kometa the Sneak, a weakling SpAs (D:3)
  A jelly (D:6)
  5 hounds
  3 bullfrog skeletons
  3 orc priests
  A gnoll shaman (D:6)
  9 orc wizards
  An iguana (D:7)
  4 worker ants
  A bullfrog simulacrum (Lair:3)
  6 gnolls (D:6)
  11 adders
  A shadow imp (D:7)
  2 oozes
  An adder skeleton (D:6)
  3 worms (D:2)
  3 leopard geckos (D:2)
  21 orcs
  9 bats
  6 giant cockroaches
  10 goblins
  6 hobgoblins
  7 jackals
  8 kobolds
  2 quokkas
  4 frilled lizards
  A quokka skeleton (D:4)
  11 rats
  A fungus (D:8)
  A plant (D:8)
239 creatures vanquished.

Vanquished Creatures (others)
  6 fungi
  A plant (Lair:2)
7 creatures vanquished.

Grand Total: 246 creatures vanquished

Notes
Turn   | Place    | Note
-------+----------+-------------------------------------------
     0 | D:1      | Kohma the Minotaur Berserker began the quest for the Orb.
     0 | D:1      | Reached XP level 1. HP: 19/19 MP: 0/0
    92 | D:1      | Reached XP level 2. HP: 23/27 MP: 1/1
   393 | D:1      | Reached XP level 3. HP: 33/33 MP: 2/2
   731 | D:2      | Reached ** piety under Trog
  1288 | D:2      | Reached XP level 4. HP: 40/40 MP: 3/3
  2816 | D:3      | Reached XP level 5. HP: 47/47 MP: 4/4
  2941 | D:3      | Noticed kometa's ghost (weakling SpAs)
  2948 | D:3      | Killed kometa's ghost
  2948 | D:3      | Reached skill level 1 in Shields
  2956 | D:3      | Reached *** piety under Trog
  3102 | D:3      | Found a burning altar of Makhleb.
  3284 | D:4      | Reached skill level 1 in Maces & Flails
  3463 | D:4      | Found Ikkagus's Assorted Antiques.
  3481 | D:4      | Reached skill level 5 in Fighting
  3481 | D:4      | Reached skill level 2 in Maces & Flails
  3481 | D:4      | Reached XP level 6. HP: 44/56 MP: 5/5
  3496 | D:4      | Bought a scroll labeled BIASUF JEYROE for 20 gold pieces
  3496 | D:4      | Bought a scroll labeled IXERPH GE WADO for 20 gold pieces
  3943 | D:4      | Reached skill level 3 in Maces & Flails
  4291 | D:5      | Entered Level 5 of the Dungeon
  4367 | D:5      | Reached XP level 7. HP: 53/61 MP: 6/6
  4452 | D:5      | Reached skill level 4 in Maces & Flails
  4461 | D:5      | Noticed Duvessa
  4469 | D:5      | Noticed Dowan
  4509 | D:5      | HP: 3/61 [water moccasin skeleton (3)]
  4795 | D:7      | Reached skill level 5 in Armour
  5088 | D:7      | Reached skill level 5 in Maces & Flails
  5201 | D:7      | Reached XP level 8. HP: 55/70 MP: 7/7
  5442 | D:7      | Reached **** piety under Trog
  5442 | D:7      | Reached skill level 6 in Maces & Flails
  5458 | D:7      | Found a stormy altar of Qazlal.
  5828 | D:6      | Reached skill level 7 in Maces & Flails
  5828 | D:6      | Reached skill level 5 in Shields
  6245 | D:6      | Found a staircase to the Ecumenical Temple.
  6252 | D:6      | Reached XP level 9. HP: 74/79 MP: 8/8
  6279 | Temple   | Entered the Ecumenical Temple
  6549 | D:7      | Reached skill level 8 in Maces & Flails
  7020 | D:8      | Reached skill level 9 in Maces & Flails
  7099 | D:8      | Found a staircase to the Lair.
  7110 | D:8      | Noticed a troll
  7118 | D:8      | Killed a troll
  7269 | D:8      | Found Zifeuta's General Store.
  7695 | Lair:1   | Entered Level 1 of the Lair of Beasts
  7736 | Lair:1   | Noticed a spiny frog
  7748 | Lair:1   | Killed a spiny frog
  7748 | Lair:1   | Reached skill level 10 in Maces & Flails
  7846 | Lair:1   | Reached XP level 10. HP: 68/90 MP: 9/9
  8088 | Lair:1   | Noticed a black mamba
  8099 | Lair:1   | Killed a black mamba
  8597 | Lair:1   | Identified a scroll of acquirement
  8825 | Lair:1   | Noticed a spiny frog
  8831 | Lair:1   | Killed a spiny frog
  8831 | Lair:1   | Reached skill level 11 in Maces & Flails
  9745 | Lair:2   | Noticed a spiny frog
 10075 | Lair:1   | Killed a spiny frog
 10478 | Lair:2   | Reached XP level 11. HP: 94/99 MP: 10/10
 10494 | Lair:2   | Reached skill level 12 in Maces & Flails
 10505 | Lair:2   | Reached skill level 10 in Fighting
 10795 | Lair:2   | Reached ***** piety under Trog
 10805 | Lair:2   | Noticed an oklob plant
 10805 | Lair:2   | Noticed an oklob plant
 11274 | Lair:2   | Reached skill level 10 in Armour
 11465 | Lair:3   | Found a staircase to the Swamp.
 11705 | Lair:3   | Reached skill level 13 in Maces & Flails
 12113 | Lair:3   | Found a transporter.
 12127 | Lair:3   | Found a transporter.
 12136 | Lair:3   | Got a twisted scale mail
 12138 | Lair:3   | Got a twisted hat
 12139 | Lair:3   | HP: 3/101 [eight-headed hydra simulacrum (8)]
 12139 | Lair:3   | Demolished by an eight-headed hydra simulacrum

Skill      XL: |  1  2  3  4  5  6  7  8  9 10 11 |
---------------+----------------------------------+-----
Fighting       | 4 5 6 7 8 9 10 | 10.8
Axes           | 4 |  4.8
Armour         | 3 4 5 6 8 9 10 | 10.4
Dodging        | 3 4 |  4.0
Shields        | 1 2 4 5 7 8 9 |  9.8
Maces & Flails | 2 3 5 7 10 11 13 | 13.1

Action                   |  1- 3 |  4- 6 |  7- 9 | 10-12 || total
-------------------------+-------+-------+-------+-------++-------
Melee: Hand axe          |    64 |    55 |       |       ||   119
       Headbutt          |     6 |    23 |    60 |    71 ||   160
       Morningstar       |       |    82 |    34 |       ||   116
       Flail             |       |       |   260 |   331 ||   591
Throw: Tomahawk          |       |    15 |    17 |     5 ||    37
       Stone             |       |       |     2 |     2 ||     4
Invok: Trog's Hand       |       |       |     1 |       ||     1
       Burn Spellbooks   |       |       |       |     1 ||     1
Evoke: Wand              |       |       |       |     4 ||     4
  Use: Scroll            |       |     4 |     7 |     7 ||    18
       Potion            |       |       |       |     1 ||     1
 Stab: Sleeping          |       |     1 |       |       ||     1
  Eat: Chunk             |     1 |    10 |     1 |    11 ||    23
       Ration            |       |       |     3 |     1 ||     4
Armor: Animal skin       |    16 |    19 |       |       ||    35
       Leather armour    |       |    13 |     2 |       ||    15
       Robe              |       |       |    19 |       ||    19
       Plate armour      |       |       |   102 |   177 ||   279
Dodge: Dodged            |    43 |    84 |   104 |   131 ||   362
Block: Buckler           |       |    30 |    82 |   121 ||   233
